 Dungeon Crawl Stone Soup version 0.23.0-28-g6fe0f4d (webtiles) character file.

Game seed: 14659908182913560650

193 misha the Poker (level 5, -7/55 (63) HPs)
             Began as a Merfolk Berserker on Feb 25, 2019.
             Was a Believer of Trog.
             Killed from afar by a death drake (16 damage)
             ... with a foul vapour
             ... on level 4 of the Dungeon.
             The game lasted 00:08:47 (3739 turns).

misha the Poker (Merfolk Berserker)                 Turns: 3739, Time: 00:08:49

HP:   -7/55 (63)    AC:  6    Str: 23    XL:     5   Next: 72%
MP:   5/5           EV: 13    Int:  7    God:    Trog [**....]
Gold: 148           SH:  0    Dex: 13    Spells: 4/4 levels left

rFire    . . .     SeeInvis .   b - +0 dagger (venom)
rCold    . . .     Gourm    .   (no shield)
rNeg     . . .     Faith    .   k - +0 ring mail
rPois    .         Spirit   .   p - +0 helmet
rElec    .         Reflect  .   (no cloak)
rCorr    .         Harm     .   (no gloves)
MR       .....                  (no boots)
Stlth    ..........             (no amulet)
HPRegen  0.00/turn              (no ring)
MPRegen  0.09/turn              (no ring)

@: berserking, lethally poisoned (-7 -> -121), non-regenerating, diseased,
slowed
A: change form in water, swift swim, stealthy swim
a: Berserk, Trog's Hand, Renounce Religion


You were on level 4 of the Dungeon.
You worshipped Trog.
Trog was pleased with you.
You were very hungry.

You visited 1 branch of the dungeon, and saw 4 of its levels.

You collected 176 gold pieces.
You spent 28 gold pieces at shops.

Inventory:

Hand Weapons
 a - a +0 spear
 b - a +0 dagger of venom (weapon)
 v - a +1 quarterstaff of crushing
Missiles
 c - 31 stones (quivered)
 o - 18 poisoned needles
 u - 9 sling bullets
Armour
 k - a +0 ring mail (worn)
 p - a +0 helmet (worn)
Wands
 t - a wand of polymorph (6)
Scrolls
 f - 3 scrolls of teleportation {unknown}
 h - 6 scrolls of identify {unknown}
 i - a scroll of remove curse {unknown}
 j - a scroll of fear {unknown}
 l - a scroll of amnesia {unknown}
 m - 2 scrolls of fog
 r - a scroll of enchant armour {unknown}
Potions
 d - a potion of ambrosia {unknown}
 e - a potion of cancellation {unknown}
 g - 3 potions of degeneration {unknown}
 n - a potion of mutation {unknown}
 q - a potion of agility {unknown}
Comestibles
 s - 2 rations


   Skills:
 + Level 4.2 Fighting
 + Level 2.1 Short Blades
 + Level 6.1 Polearms
 - Level 1.4 Armour
 + Level 3.9 Dodging
 + Level 2.2 Stealth


You had 4 spell levels left.
You didn't know any spells.
Your spell library was empty.

Dungeon Overview and Level Annotations

Branches:
Dungeon (4/15)
 Temple: D:4-7

Altars:
Dithmenos
Elyvilon
Kikubaaqudgha

Shops:
D:4 ?


Message History

You hit the death drake.
The death drake is poisoned.
The death drake is lightly wounded.
You are engulfed in dark miasma.
You are more poisoned.
You feel as though you will be slow longer.
You feel very sick. The death drake closely misses you.
The death drake bites you.
You barely miss the death drake.
The death drake is lightly wounded.
* * * LOW HITPOINT WARNING * * *
You feel extremely sick. The death drake misses you.
You hit the death drake.
The death drake is lightly wounded.
* * * LOW HITPOINT WARNING * * *
You feel very sick. The death drake breathes miasma at you.
The foul vapour engulfs you!
You are more poisoned.
You feel your flesh rotting away!
You die...

#. #.
#.############
#.....@k.)$...
#.#...#...#...
#.............
#.#...#...#...
##............
#.############ ###
#..........#####.#
#....######....#.#
#....######.#.##.##


You could see a death drake.

Vanquished Creatures
  A scorpion (D:4)
  An orc wizard (D:4)
  5 adders
  2 oozes
  A worm (D:2)
  A dart slug (D:1)
  2 orcs (D:4)
  9 bats
  2 giant cockroaches (D:2)
  7 goblins
  4 hobgoblins
  A quokka (D:3)
  A ball python (D:3)
  7 frilled lizards
  A giant cockroach zombie (D:2)
  7 kobolds
  7 rats
59 creatures vanquished.

Notes
Turn   | Place    | Note
-------+----------+-------------------------------------------
     0 | D:1      | misha the Merfolk Berserker began the quest for the Orb.
     0 | D:1      | Reached XP level 1. HP: 18/18 MP: 1/1
   155 | D:1      | Reached XP level 2. HP: 24/24 MP: 2/2
   545 | D:1      | Reached skill level 5 in Polearms
  1252 | D:2      | Reached XP level 3. HP: 29/29 MP: 3/3
  1603 | D:2      | Found a white marble altar of Elyvilon.
  1842 | D:2      | Reached skill level 1 in Stealth
  1945 | D:2      | Reached skill level 1 in Short Blades
  1945 | D:2      | Reached XP level 4. HP: 33/37 MP: 4/4
  2271 | D:2      | Reached ** piety under Trog
  3015 | D:3      | Found an ancient bone altar of Kikubaaqudgha.
  3428 | D:4      | Reached skill level 6 in Polearms
  3428 | D:4      | Reached XP level 5. HP: 27/42 MP: 5/5
  3653 | D:4      | Found Oqetweg's Magic Scroll Shoppe.
  3683 | D:4      | Bought a scroll of fog for 28 gold pieces
  3687 | D:4      | Found a shadowy altar of Dithmenos.
  3728 | D:4      | Noticed a two-headed ogre
  3731 | D:4      | Noticed a cyclops
  3731 | D:4      | a two-headed ogre changed into a cyclops
  3732 | D:4      | Noticed a death drake
  3732 | D:4      | a cyclops changed into a death drake
  3739 | D:4      | Killed from afar by a death drake

Skill      XL: |  1  2  3  4  5 |
---------------+----------------+-----
Polearms       | 5 6 |  6.1
Dodging        | 3 |  3.9
Stealth        | 1 2 |  2.2
Short Blades   | 1 2 |  2.1
Fighting       | 4 |  4.2
Armour         | |  1.4

Action                   |  1- 3 |  4- 6 || total
-------------------------+-------+-------++-------
Melee: Spear             |    55 |       ||    55
       Dagger            |    53 |    96 ||   149
Invok: Berserk           |       |     1 ||     1
Evoke: Wand              |       |     4 ||     4
  Eat: Chunk             |     3 |     2 ||     5
       Ration            |       |     1 ||     1
Armor: Animal skin       |     5 |       ||     5
       Ring mail         |    21 |    37 ||    58
Dodge: Dodged            |    65 |    50 ||   115
